 Dungeon Crawl Stone Soup version 0.21-a0-531-gacddea6 (webtiles) character file.

44548 Ketzopolo the Severer (level 14, -8/199 HPs)
             Began as a Hill Orc Abyssal Knight on Dec 13, 2017.
             Was an Elder of Lugonu.
             Mangled by a catoblepas (10 damage)
             ... on level 6 of the Lair of Beasts.
             The game lasted 01:26:37 (34135 turns).

Ketzopolo the Severer (Hill Orc Abyssal Knight)    Turns: 34135, Time: 01:26:39

Health: -8/199     AC: 27    Str: 18    XL:     14   Next: 29%
Magic:  24/24      EV:  2    Int: 12    God:    Lugonu [****..]
Gold:   1157       SH:  0    Dex: 12    Spells: 13/13 levels left

rFire    . . .     SeeInvis .   T - +4 battleaxe
rCold    . . .     Gourm    +   (shield currently unavailable)
rNeg     + + +     Faith    .   (armour currently unavailable)
rPois    +         Spirit   .   (helmet currently unavailable)
rElec    .         Reflect  .   (cloak currently unavailable)
rCorr    +         Harm     .   (gloves currently unavailable)
MR       +....     NoTele   +   (boots currently unavailable)
Stlth    +.........             y - amulet of the gourmand
HPRegen  0.43/turn              i - ring of resist corrosion
MPRegen  0.19/turn              (no ring)

@: tree-form, petrifying, very slow
A: no striking features
a: Depart the Abyss, Bend Space, Banish, Corrupt, Renounce Religion


You were on level 6 of the Lair of Beasts.
You worshipped Lugonu.
Lugonu was greatly pleased with you.
You were completely stuffed.
You were a tree.
You visited 3 branches of the dungeon, and saw 19 of its levels.
You visited the Abyss 2 times.

You collected 1157 gold pieces.

Inventory:

Hand Weapons
 T - a +4 battleaxe (weapon)
Missiles
 w - 3 javelins of returning (quivered)
 Q - 6 javelins
Armour
 b - a +0 plate armour (melded)
 F - a +0 cloak (melded)
 O - a +1 pair of gloves (melded)
Jewellery
 i - a ring of resist corrosion (left branch)
 y - an amulet of the gourmand (around neck)
Wands
 u - a wand of paralysis (26)
 z - a wand of random effects (24)
 C - a wand of iceblast (12)
 G - a wand of flame (29)
 I - a wand of digging (7)
 M - a wand of acid (13)
Scrolls
 d - 4 scrolls of teleportation
 g - a scroll of magic mapping
 p - 11 scrolls of remove curse
 t - 3 scrolls of enchant weapon
 D - 6 scrolls of identify
 H - a scroll of fear
 K - 2 scrolls of amnesia
 P - 4 scrolls of enchant armour
 R - 3 scrolls of fog
Potions
 e - a potion of lignification
 h - 7 potions of curing
 k - 2 potions of might
 l - 3 potions of flight
 m - 2 potions of magic
 n - 2 potions of cancellation
 q - a potion of mutation
 r - 2 potions of heal wounds
 s - a potion of resistance
 v - a potion of haste
 x - 2 potions of brilliance
 A - 2 potions of agility
 B - a potion of ambrosia
 E - a potion of invisibility
 J - 2 potions of degeneration {unknown}
Miscellaneous
 f - a sack of spiders
Comestibles
 a - 12 fruits
 c - 11 bread rations
 j - 7 meat rations
 o - 8 royal jellies
 L - 3 chunks of flesh


   Skills:
 + Level 14.6 Fighting
 * Level 16.3 Axes
 + Level 11.7 Armour
 + Level 6.3 Dodging
 - Level 13.6 Invocations


You had 13 spell levels left.
You didn't know any spells.

Dungeon Overview and Level Annotations

Branches:
Dungeon (12/15)            Temple (1/1) D:4            Lair (6/6) D:9
 Shoals (0/4) Lair:3        Snake (0/4) Lair:2        Slime (0/5) Lair:5
    Orc (0/2) D:12

Altars:
Ashenzari
Cheibriados
Dithmenos
Elyvilon
Fedhas
Gozag
Hepliaklqana
Kikubaaqudgha
Makhleb
Nemelex Xobeh
Okawaru
Qazlal
Ru
Sif Muna
Trog
Uskayaw
Vehumet
Wu Jian
Xom
Yredelemnul
Zin
The Shining One

Annotations:
D:10 1 runed door
Lair:5 corrupted
Abyss:1 Erolcha, Maurice


Message History

The catoblepas is severely wounded.
The catoblepas gores you!
* * * LOW HITPOINT WARNING * * *
You hit the catoblepas but do no damage.
The catoblepas is severely wounded.
The catoblepas breathes a plume of calcifying dust at you.
The blast of calcifying dust hits you!
* * * LOW HITPOINT WARNING * * *
You barely miss the catoblepas.
The catoblepas is severely wounded.
You are engulfed in calcifying dust.
You are slowing down.
You slash the catoblepas!
The catoblepas is almost dead.
You are engulfed in calcifying dust.
The catoblepas breathes a plume of calcifying dust at you.
The blast of calcifying dust hits you!
* * * LOW HITPOINT WARNING * * *
The catoblepas gores you!
You die...

##P.......## ...
##...#......# #.#
##..P###.....# #.#
#...## ##...P# #.#
..### ###..### #.#
### ##...## #.# ##
##..### ##.#### .##
#...## #.Y...## ..#
##...# ##.♣#...#
#.###...##
#..####.#
#........##
##.§#####
÷....###..####..§.#
...###
##..##....§## ..##
#.....8.8§.## ###
###
###.8..P.8§.###.###
####
#....8.....##...[#
#..#
#P...8...........##


You could see a catoblepas.

Vanquished Creatures
  A catoblepas (Lair:6)
  2 two-headed ogres
  6 death yaks
  Urug (Lair:3)
  Nergalle (Lair:1)
  An ugly thing (D:12)
  2 manticores (Lair:6)
  Joseph (D:8)
  2 black mambas
  9 spiny frogs
  A torpor snail (Lair:3)
  13 komodo dragons
  A queen bee (Lair:2)
  A troll (D:9)
  Grinder (D:5)
  19 blink frogs
  Prince Ribbit (D:8)
  4 hippogriffs
  3 wraiths (D:11)
  Grum (D:8)
  72 yaks
  6 basilisks
  4 hogs (D:7)
  2 wyverns
  2 hungry ghosts
  A human (D:7)
  Menkaure (D:6)
  A steam dragon (Lair:2)
  A soldier ant (D:10)
  13 water moccasins
  3 porcupines
  A phantom (D:9)
  An orc warrior (D:7)
  2 ice beasts
  2 ogres
  The ghost of Ketzopolo the Skirmisher, an amateur DsAK of Lugonu (D:3)
  An eye of draining (D:12)
  6 centaurs
  5 wolves
  13 crocodiles
  9 bullfrogs
  A water moccasin zombie (D:6)
  4 scorpions
  33 killer bees
  8 wights
  2 electric eels
  3 howler monkeys (D:9)
  4 crimson imps
  A bullfrog zombie (D:11)
  2 jellies
  6 human zombies (D:11)
  6 orc priests
  A bullfrog skeleton (D:12)
  5 hounds
  A hell rat (Lair:2)
  A human skeleton (D:11)
  4 iguanas
  5 orc wizards
  5 worker ants
  4 hound skeletons
  A hound zombie (D:7)
  2 mummies (D:11)
  A howler monkey zombie (D:9)
  3 gnolls (D:7)
  8 adders
  A river rat (Lair:2)
  4 shadow imps
  An ooze (D:7)
  An adder zombie (D:9)
  4 worms
  2 dart slugs (D:1)
  7 leopard geckos
  25 orcs
  6 giant cockroaches
  6 goblins
  A hobgoblin (D:2)
  16 jackals
  6 kobolds
  2 quokkas
  7 bats
  A frilled lizard (D:4)
  A quokka skeleton (D:4)
  12 rats
  A fungus (Lair:1)
  A plant (Lair:6)
434 creatures vanquished.

Vanquished Creatures (others)
  4 hydras
  4 elephants (Lair:5)
  A komodo dragon (Lair:5)
  A wyvern (D:10)
  A bush (Lair:5)
  19 fungi
  23 plants
  4 starspawn tentacles (Lair:5)
57 creatures vanquished.

Grand Total: 491 creatures vanquished

Notes
Turn   | Place    | Note
-------+----------+-------------------------------------------
     0 | Abyss:1  | Ketzopolo the Hill Orc Abyssal Knight began the quest for the Orb.
     0 | Abyss:1  | Reached XP level 1. HP: 19/19 MP: 2/2
    78 | Abyss:1  | Noticed a kobold demonologist
    78 | Abyss:1  | Noticed a worldbinder
    81 | D:1      | Escaped the Abyss
   415 | D:1      | Reached skill level 3 in Axes
   465 | D:1      | Reached XP level 2. HP: 24/27 MP: 3/3
   763 | D:1      | Reached * piety under Lugonu
  1038 | D:2      | Reached skill level 4 in Axes
  1051 | D:2      | Reached XP level 3. HP: 20/33 MP: 4/4
  1270 | D:2      | Found a bloodstained altar of Trog.
  1724 | D:2      | Reached skill level 5 in Axes
  1890 | D:2      | Reached XP level 4. HP: 35/40 MP: 5/5
  2261 | D:3      | Noticed Ketzopolo's ghost (amateur DsAK)
  2725 | D:3      | Reached skill level 6 in Axes
  2915 | D:3      | Noticed an ogre
  3169 | D:3      | Reached ** piety under Lugonu
  3213 | D:3      | Found a stormy altar of Qazlal.
  3219 | D:3      | Found a blossoming altar of Fedhas.
  3819 | D:3      | Found a burning altar of Makhleb.
  3827 | D:3      | Reached XP level 5. HP: 13/46 MP: 6/6
  4100 | D:3      | Found an opulent altar of Gozag.
  4101 | D:3      | Found a glowing silver altar of Zin.
  4162 | D:3      | Killed an ogre
  4162 | D:3      | Reached skill level 7 in Axes
  4162 | D:3      | Reached XP level 6. HP: 38/52 MP: 7/7
  4824 | D:3      | Killed Ketzopolo's ghost
  4824 | D:3      | Reached skill level 8 in Axes
  5342 | D:4      | Found a staircase to the Ecumenical Temple.
  5970 | D:4      | Reached skill level 9 in Axes
  6094 | D:4      | Reached XP level 7. HP: 49/59 MP: 6/8
  6317 | D:4      | Found a shadowy altar of Dithmenos.
  6317 | D:4      | Found a sacrificial altar of Ru.
  6572 | D:5      | Entered Level 5 of the Dungeon
  6587 | D:5      | Noticed Grinder
  6724 | D:5      | Paralysed by Grinder for 5 turns
  6737 | D:5      | Paralysed by Grinder for 3 turns
  6778 | D:5      | Killed Grinder
  6778 | D:5      | Reached skill level 5 in Fighting
  6982 | D:5      | Found a deep blue altar of Sif Muna.
  6991 | D:5      | Reached skill level 10 in Axes
  7372 | D:5      | Reached XP level 8. HP: 51/68 MP: 5/9
  8070 | D:5      | Reached skill level 11 in Axes
  8249 | Temple   | Entered the Ecumenical Temple
  8510 | D:6      | Found a hide-covered altar of Uskayaw.
  8966 | D:6      | Noticed Menkaure
  8973 | D:6      | Killed Menkaure
  8973 | D:6      | Reached skill level 5 in Armour
  9255 | D:6      | Reached XP level 9. HP: 70/78 MP: 10/10
  9297 | D:6      | Reached *** piety under Lugonu
  9668 | D:7      | Reached skill level 12 in Axes
 10303 | D:7      | Reached skill level 5 in Invocations
 11204 | D:8      | Noticed Maurice
 11289 | D:8      | Noticed Joseph
 11299 | D:8      | Noticed Grum
 11323 | D:8      | Reached skill level 13 in Axes
 11332 | D:8      | Reached XP level 10. HP: 47/88 MP: 14/14
 11690 | D:8      | Killed Grum
 11723 | D:8      | Killed Joseph
 12089 | D:8      | Noticed Prince Ribbit
 12448 | D:8      | Noticed a two-headed ogre
 12462 | D:8      | Killed a two-headed ogre
 12707 | D:8      | Killed Prince Ribbit
 13402 | D:9      | Paralysed by Maurice for 5 turns
 13410 | D:9      | Reached **** piety under Lugonu
 13424 | D:9      | Paralysed by something for 7 turns
 13489 | D:9      | HP: 3/90 [komodo dragon (3)]
 13837 | D:9      | Banished Maurice
 13837 | D:9      | Reached skill level 14 in Axes
 14381 | D:9      | Found a white marble altar of Elyvilon.
 14886 | D:9      | Found a staircase to the Lair.
 14895 | D:9      | Reached XP level 11. HP: 78/97 MP: 18/18
 14930 | D:10     | Entered Level 10 of the Dungeon
 14943 | D:10     | Found a white marble altar of Elyvilon.
 14943 | D:10     | Found a runed door.
 14943 | D:10     | Noticed an angel
 15332 | D:10     | Reached skill level 10 in Invocations
 16788 | D:11     | Noticed a two-headed ogre
 16803 | D:11     | Killed a two-headed ogre
 16803 | D:11     | Reached skill level 10 in Fighting
 17025 | D:11     | Found an ancient bone altar of Kikubaaqudgha.
 17941 | D:10     | Reached skill level 1 in Dodging
 18183 | D:12     | Noticed Snorg
 18190 | D:12     | Banished Snorg
 18490 | D:12     | Found a staircase to the Orcish Mines.
 18603 | D:12     | Noticed Erolcha
 18604 | D:12     | Cast into level 1 of the Abyss (Erolcha)
 18640 | D:12     | Escaped the Abyss
 18778 | D:12     | Banished Erolcha
 19023 | D:12     | Noticed a red ugly thing
 19045 | D:12     | HP: 7/153 [red ugly thing (20)]
 19050 | D:12     | Killed a red ugly thing
 19452 | Lair:1   | Entered Level 1 of the Lair of Beasts
 19661 | Lair:1   | Reached XP level 12. HP: 67/110 MP: 21/21
 20535 | Lair:1   | Noticed Nergalle
 20563 | Lair:1   | Killed Nergalle
 23182 | Lair:2   | Found a staircase to the Snake Pit.
 23429 | Lair:2   | You fall through a shaft!
 24204 | Lair:2   | Reached skill level 10 in Armour
 24781 | Lair:2   | Found the amulet of the Air {Inacc +Fly rElec EV+5 RMsl}
 25270 | Lair:3   | Reached XP level 13. HP: 119/122 MP: 23/23
 25590 | Lair:3   | Noticed Urug
 26024 | Lair:3   | Killed Urug
 26443 | Lair:3   | Found a staircase to the Shoals.
 26525 | Lair:3   | HP: 1/122 [yak (10)]
 27651 | Lair:4   | Reached skill level 5 in Dodging
 28823 | Lair:5   | Found a staircase to the Slime Pits.
 29502 | Lair:5   | Reached skill level 15 in Axes
 29527 | Lair:5   | Corrupted Lair:5
 29527 | Lair:5   | Noticed a tentacled starspawn
 29527 | Lair:5   | Noticed a lich
 29527 | Lair:5   | Noticed a tentacled starspawn
 29527 | Lair:5   | Noticed a starcursed mass
 29826 | Lair:5   | Noticed an ancient lich
 30722 | Lair:6   | Entered Level 6 of the Lair of Beasts
 32389 | Lair:6   | Reached XP level 14. HP: 132/132 MP: 24/24
 33181 | Lair:6   | Reached skill level 16 in Axes
 34132 | Lair:6   | HP: 8/199 [catoblepas (12)]
 34133 | Lair:6   | HP: 3/199 [catoblepas/blast of calcifying dust (5)]
 34135 | Lair:6   | Mangled by a catoblepas

Vault maps used:
D:1:      zelgadis_glass_arrival_small, amethyst_killhole
D:2:      bloody_trog
D:3:      grunt_temple_overflow_forces_of_nature,
          grunt_temple_overflow_gold_and_silver, makhleb_blood_cavern_becter,
          first_bread
D:4:      gammafunk_temple_overflow_wave, minmay_temple_entry_from_below_a
D:5:      led_sif_book, uniq_grinder
D:6:      lemuel_doored_altar, uniq_menkaure
D:7:      grunt_livestock, kennysheep_generic_room_10
D:8:      uniq_maurice, uniq_joseph, uniq_grum, uniq_prince_ribbit1
D:9:      kennysheep_mini_moat, david_lair_shrubbed
D:10:     lemuel_angel_altar
D:11:     lemuel_mausoleum_altar_kikubaaqudgha
D:12:     minmay_klotski, orc_0_dummy, dk_noncrumbling_3, st_stairs_12,
          grunt_decor_mini_mirrors, uniq_harold, uniq_snorg, uniq_erolcha
Temple:   nicolae_temple_x_marks_the_god
Lair:1:   lemuel_fruit_fields, serial_bayou_shore_a, uniq_nergalle
Lair:2:   regret_index_tunnel_blossom, dummy_snake_entry
Lair:3:   elwin_shoals_entry_rooms, uniq_urug
Lair:4:   beast_lair_carwin_7
Lair:5:   slime_dummy, kennysheep_basilisk_garden
Lair:6:   evilmike_catoblepas_cave, grunt_megastairs_3

Skill      XL: |  1  2  3  4  5  6  7  8  9 10 11 12 13 14 |
---------------+-------------------------------------------+-----
Axes           | 3 4 5 6 7 9 10 11 13 14 15 16 | 16.3
Fighting       | 4 5 6 7 9 11 13 14 | 14.6
Armour         | 3 5 6 7 9 10 11 | 11.7
Invocations    | 6 9 12 13 | 13.6
Dodging        | 2 4 5 6 |  6.3

Action                   |  1- 3 |  4- 6 |  7- 9 | 10-12 | 13-15 || total
-------------------------+-------+-------+-------+-------+-------++-------
Melee: Hand axe          |   101 |   226 |   488 |  1404 |    56 ||  2275
       Unarmed           |       |       |     6 |       |       ||     6
       Battleaxe         |       |       |       |       |   431 ||   431
Throw: Javelin           |       |       |       |     1 |     3 ||     4
Invok: Depart the Abyss  |     1 |       |       |     1 |       ||     2
       Banish            |       |       |       |     9 |     6 ||    15
       Bend Space        |       |       |       |     3 |     1 ||     4
       Corrupt           |       |       |       |       |     1 ||     1
Evoke: Wand              |       |       |       |    15 |     2 ||    17
       Sack of spiders   |       |       |       |       |     1 ||     1
  Use: Scroll            |       |    17 |     7 |    10 |     3 ||    37
       Potion            |       |       |       |     4 |     3 ||     7
 Stab: Paralysed         |       |       |       |    11 |       ||    11
  Eat: Chunk             |     3 |     8 |    34 |    59 |    32 ||   136
       Meat ration       |       |     1 |       |       |       ||     1
       Royal jelly       |       |       |     4 |       |       ||     4
       Fruit             |       |       |       |     3 |       ||     3
Armor: Leather armour    |    25 |    28 |       |       |       ||    53
       Scale mail        |       |    27 |       |       |       ||    27
       Plate armour      |       |    19 |   256 |   602 |   336 ||  1213
       Skin              |       |       |     2 |       |    10 ||    12
Dodge: Dodged            |    51 |   121 |    84 |   266 |   165 ||   687
Block: Buckler           |       |       |       |    33 |     8 ||    41

Table legend:
 A = Spawn XP
 B = Non-spawn XP
 C = Spawn XP percentage of total XP
 D = Spawn monster count
 E = Non-spawn monster count
 F = Spawn count percentage of total count
 G = Total turns spent on level
                    A         B        C        D         E        F      G
               +---------+---------+-------+---------+---------+-------+---------
         Total |       0 |   63640 |   0.0 |       0 |     442 |   0.0 | 34135
               +---------+---------+-------+---------+---------+-------+---------
           D:1 |       0 |      21 |   0.0 |       0 |      10 |   0.0 |   909
           D:2 |       0 |      61 |   0.0 |       0 |      21 |   0.0 |  1873
           D:3 |       0 |     364 |   0.0 |       0 |      22 |   0.0 |  2440
           D:4 |       0 |     214 |   0.0 |       0 |      13 |   0.0 |  1538
           D:5 |       0 |    1105 |   0.0 |       0 |      33 |   0.0 |  1468
           D:6 |       0 |     715 |   0.0 |       0 |      21 |   0.0 |  1272
           D:7 |       0 |    1825 |   0.0 |       0 |      25 |   0.0 |  1708
           D:8 |       0 |    2919 |   0.0 |       0 |      21 |   0.0 |  2573
           D:9 |       0 |    2234 |   0.0 |       0 |      30 |   0.0 |  1443
          D:10 |       0 |    3079 |   0.0 |       0 |      22 |   0.0 |  1829
          D:11 |       0 |    2560 |   0.0 |       0 |      20 |   0.0 |  1466
          D:12 |       0 |    2767 |   0.0 |       0 |      11 |   0.0 |   857
        Lair:1 |       0 |    6461 |   0.0 |       0 |      24 |   0.0 |  2930
        Lair:2 |       0 |    6142 |   0.0 |       0 |      50 |   0.0 |  2680
        Lair:3 |       0 |    5273 |   0.0 |       0 |      24 |   0.0 |  2424
        Lair:4 |       0 |    8001 |   0.0 |       0 |      28 |   0.0 |  1803
        Lair:5 |       0 |    4586 |   0.0 |       0 |      22 |   0.0 |  1927
        Lair:6 |       0 |   15313 |   0.0 |       0 |      45 |   0.0 |  2819
               +---------+---------+-------+---------+---------+-------+---------
